[Event "Titled Tuesday Blitz December 20 Early 2022"]
[White "ProfessorChess101"]
[Black "Tobias_Koelle"]
[WhiteElo "2662"]
[BlackElo "2779"]
[Result "0-1"]
[Round "11"]
[TimeControl "180+2"]
[Date "2022.12.20"]
[WhiteClock "0:00:03"]
[BlackClock "0:01:20"]

1. d4 g6 2. e4 Bg7 3. Nc3 d6 4. Be3 Nc6 5. Nf3 e5 6. Qd2 Nge7 7. Bc4 O-O 8. h4 Bg4 9. d5 Bxf3 10. gxf3 Nd4 11. Be2 h5 12. f4 c6 13. dxc6 bxc6 14. f5 Rb8 15. b3 Qa5 16. Rg1 Kh7 17. Bg5 Ng8 18. O-O-O Qxc3 19. Qxc3 Nxe2+ 20. Kb2 Nxc3 21. Kxc3 gxf5 22. Rxd6 fxe4 23. Be3 Nf6 24. Rg5 Nd5+ 25. Kb2 Nxe3 26. Rxh5+ Kg8 27. fxe3 Rbc8 28. Rg5 Rfd8 29. Rxd8+ Rxd8 30. h5 f6 31. Rg4 Kf7 32. Rxe4 Bh6 33. Ra4 Bxe3 34. Ra6 Bb6 35. a4 e4 36. a5 e3 37. axb6 axb6 38. Ra7+ Ke6 39. Ra1 f5 40. h6 f4 41. Rf1 Kf5 42. Kc3 Rh8 43. Kd3 Rxh6 44. Ra1 Rd6+ 45. Kc3 Ke4 46. Ra4+ Kf3 47. Ra6 c5 48. Ra8 e2 49. Re8 Kf2 0-1


[Site "https://www.chess.com"]

[Event "Titled Tuesday Blitz December 20 Early 2022"]
[White "PushingpawnsNYC"]
[Black "frequentblunders"]
[WhiteElo "2375"]
[BlackElo "2156"]
[Result "0-1"]
[Round "11"]
[TimeControl "180+2"]
[Date "2022.12.20"]
[WhiteClock "0:00:02"]
[BlackClock "0:00:05"]

1. d4 e6 2. Nf3 c5 3. e3 Nf6 4. Bd3 d5 5. b3 Nc6 6. Bb2 cxd4 7. exd4 Ne4 8. O-O Bd6 9. Nbd2 f5 10. c4 O-O 11. Ne5 Qf6 12. f4 g5 13. Bxe4 dxe4 14. c5 Bxe5 15. dxe5 Qe7 16. Rc1 Nb4 17. Bd4 Nxa2 18. Ra1 Nb4 19. Nc4 Bd7 20. Nd6 Bc6 21. Qe2 a6 22. Qf2 g4 23. Qg3 Nc2 24. Rad1 Bd5 25. h3 h5 26. hxg4 hxg4 27. Kf2 Kg7 28. Rh1 Rh8 29. Nxf5+ exf5 30. e6+ Nxd4 31. Qc3 Qf6 32. Rxh8 Rxh8 33. Rxd4 Bxe6 34. c6 bxc6 35. Qc5 g3+ 36. Ke3 Rh1 37. Rd6 Re1+ 38. Kd2 Rf1 39. Qxc6 Rf2+ 40. Ke3 Rxg2 41. Rxe6 Qf7 42. Rd6 Qxb3+ 43. Kd4 Rd2+ 44. Ke5 Qb2+ 45. Kxf5 Rxd6 46. Qxd6 g2 47. Qe7+ Kg8 48. Qe8+ Kg7 49. Qe7+ Kh6 50. Qe6+ Kh7 51. Qf7+ Qg7 52. Qh5+ Kg8 53. Qe8+ Qf8+ 54. Qxf8+ Kxf8 0-1


[Site "https://www.chess.com"]

[Event "Titled Tuesday Blitz December 20 Early 2022"]
[White "Rakesh, Kumar Jena"]
[Black "Sadykov_Ramil"]
[WhiteFideId "5084822"]
[WhiteElo "2303"]
[BlackElo "2546"]
[Result "0-1"]
[Round "11"]
[TimeControl "180+2"]
[Date "2022.12.20"]
[WhiteClock "0:00:54"]
[BlackClock "0:01:35"]

1. Nf3 Nf6 2. b3 g6 3. Bb2 Bg7 4. e3 O-O 5. Be2 d6 6. O-O e5 7. c4 c6 8. Nc3 Re8 9. d4 e4 10. Nd2 h5 11. Qc2 Bf5 12. Rae1 Nbd7 13. Ba3 Nf8 14. d5 cxd5 15. Nxd5 Nxd5 16. cxd5 Rc8 17. Qb1 Qa5 18. Bc1 Qxd5 19. Nc4 Qe6 20. Ba3 Red8 21. Rd1 d5 22. Nb2 Nd7 23. Na4 a6 24. Bb2 b5 25. Bxg7 Kxg7 26. Nb2 Ne5 27. a4 b4 28. Bxa6 Qxa6 29. Qa1 Qf6 30. a5 h4 31. h3 Rc2 32. a6 Rxb2 0-1


[Site "https://www.chess.com"]

[Event "Titled Tuesday Blitz December 20 Early 2022"]
[White "Roman_Ovetchkin"]
[Black "Sapon, Ilia"]
[BlackFideId "13504746"]
[WhiteElo "2702"]
[BlackElo "2074"]
[Result "1-0"]
[Round "11"]
[TimeControl "180+2"]
[Date "2022.12.20"]
[WhiteClock "0:00:25"]
[BlackClock "0:00:01"]

1. d4 d5 2. c4 Nc6 3. Nf3 Bg4 4. cxd5 Bxf3 5. gxf3 Qxd5 6. e3 e5 7. Nc3 Bb4 8. Bd2 Bxc3 9. bxc3 Nf6 10. Rb1 O-O 11. c4 Qd7 12. d5 Ne7 13. Rxb7 Rfb8 14. Qb3 Qc8 15. Rxb8 Rxb8 16. Qc2 Ng6 17. h4 e4 18. fxe4 Ne5 19. Be2 h5 20. f3 c6 21. Bc3 Qc7 22. Kd2 cxd5 23. cxd5 Nfd7 24. Rc1 Qd8 25. Qa4 Qxh4 26. f4 Nc5 27. Qd4 Ne6 28. dxe6 1-0


[Site "https://www.chess.com"]

[Event "Titled Tuesday Blitz December 20 Early 2022"]
[White "Salomez, Maxime"]
[Black "Durin, Jean-Pierre"]
[WhiteFideId "652079600"]
[BlackFideId "26026600"]
[WhiteElo "1359"]
[BlackElo "1819"]
[Result "0-1"]
[Round "11"]
[TimeControl "180+2"]
[Date "2022.12.20"]
[WhiteClock "0:00:01"]
[BlackClock "0:01:03"]

1. e4 c5 2. Nf3 Nc6 3. Bb5 g6 4. O-O Bg7 5. Re1 e5 6. a3 Nge7 7. b4 b6 8. bxc5 bxc5 9. Nc3 O-O 10. Nd5 d6 11. d3 h6 12. Nxe7+ Nxe7 13. c3 Be6 14. Rb1 Qa5 15. Qa4 Qxa4 16. Bxa4 Rab8 17. Be3 f5 18. exf5 gxf5 19. d4 cxd4 20. cxd4 e4 21. Bf4 Rxb1 22. Rxb1 exf3 23. Bxd6 Rd8 24. Bxe7 Rxd4 25. Rb4 fxg2 26. Rxd4 Bxd4 27. Kxg2 Kf7 28. Bb4 Bd5+ 29. f3 Ke6 30. Bc2 Ke5 31. Bf8 Be3 32. Bg7+ Ke6 33. Bf8 Kf7 34. Bb4 Kg6 35. Bd6 Be6 0-1


[Site "https://www.chess.com"]

[Event "Titled Tuesday Blitz December 20 Early 2022"]
[White "Sam_ChessMood"]
[Black "Aradhya, Garg"]
[BlackFideId "25006746"]
[WhiteElo "2882"]
[BlackElo "2284"]
[Result "1-0"]
[Round "11"]
[TimeControl "180+2"]
[Date "2022.12.20"]
[WhiteClock "0:00:15"]
[BlackClock "0:00:01"]

1. d4 d5 2. c4 c6 3. Nf3 Nf6 4. Nc3 dxc4 5. a4 Bf5 6. e3 e6 7. Bxc4 Bb4 8. O-O O-O 9. Qe2 Nbd7 10. e4 Bg4 11. Rd1 e5 12. dxe5 Ne8 13. Bf4 Qe7 14. Bg5 Qxg5 15. Rxd7 Bxc3 16. bxc3 Qh5 17. Rxb7 Kh8 18. h3 Bc8 19. Re7 f5 20. exf5 Bxf5 21. Nd4 Qg5 22. Nxf5 Qxf5 23. Rd1 a5 24. Rdd7 Rb8 25. Bd3 Qg5 26. Qe3 Qh5 27. Kh2 Rb2 28. Rd8 Kg8 29. Qg3 g5 30. Bc4+ Kh8 31. Bf7 Rxf7 32. Rexe8+ Kg7 33. Rg8+ Kh6 34. Rd6+ Qg6 35. Rdxg6+ hxg6 36. e6 Re7 37. Rh8+ Kg7 38. Qe5# 1-0


[Site "https://www.chess.com"]

[Event "Titled Tuesday Blitz December 20 Early 2022"]
[White "Schattmann, Alfred"]
[Black "AldokhinIvan"]
[WhiteFideId "4662377"]
[WhiteElo "1746"]
[BlackElo "2572"]
[Result "0-1"]
[Round "11"]
[TimeControl "180+2"]
[Date "2022.12.20"]
[WhiteClock "0:00:01"]
[BlackClock "0:00:08"]

1. c4 Nf6 2. Nf3 g6 3. b3 Bg7 4. Bb2 O-O 5. g3 c5 6. Bg2 Nc6 7. O-O d6 8. d4 Bg4 9. Nbd2 Nd7 10. h3 Bxf3 11. Nxf3 cxd4 12. Nxd4 Qb6 13. e3 a5 14. Rb1 a4 15. Nxc6 bxc6 16. b4 Bxb2 17. Rxb2 a3 18. Rb3 Ra7 19. Qd2 c5 20. b5 Ne5 21. Qc2 Ra4 22. Rc3 Rb4 23. f4 Nd7 24. Rxa3 Nf6 25. Ra6 Qb8 26. e4 Ne8 27. Kh2 Nc7 28. Ra3 Qb6 29. Rb3 Rxb3 30. Qxb3 Rb8 31. a4 Ne6 32. Qc3 Ra8 33. Ra1 Ra5 34. e5 Nd4 35. exd6 exd6 36. Bd5 h5 37. h4 Qd8 38. Qe3 Ra7 39. a5 Re7 40. Qd3 Re2+ 41. Bg2 Qe7 42. a6 Re3 43. Qd2 Re2 44. Qd3 Re3 45. Qd2 Nf5 46. Qf2 Rxg3 47. Qxg3 Nxg3 48. Kxg3 Qe3+ 49. Bf3 Qd4 50. Ra2 Qg1+ 51. Kh3 Qf1+ 52. Kg3 Qxc4 53. Ra3 Qb4 54. Ra2 Qb3 55. Ra1 Qc3 56. Ra2 Qe1+ 57. Kh3 Qb1 58. Ra3 Qb4 59. Ra2 Qxf4 60. a7 Qxf3+ 61. Kh2 Qf4+ 62. Kh3 Qe3+ 63. Kh2 Qe5+ 64. Kh3 Qe6+ 65. Kh2 Qxa2+ 66. Kh3 Qxa7 0-1


[Site "https://www.chess.com"]

[Event "Titled Tuesday Blitz December 20 Early 2022"]
[White "Schless, Sebastian"]
[Black "bardiya_Daneshvar"]
[WhiteFideId "4697987"]
[WhiteElo "2056"]
[BlackElo "2903"]
[Result "1-0"]
[Round "11"]
[TimeControl "180+2"]
[Date "2022.12.20"]
[WhiteClock "0:01:08"]
[BlackClock "0:00:47"]

1. d4 d5 2. Nf3 Nf6 3. c4 c6 4. Nc3 e6 5. g3 dxc4 6. Bg2 Nbd7 7. O-O b5 8. e4 b4 9. e5 bxc3 10. exf6 Nxf6 11. bxc3 Bd6 12. Nd2 O-O 13. Bxc6 Rb8 14. Nxc4 Qc7 15. Qa4 Bb7 16. Bxb7 Rxb7 17. Nxd6 Qxd6 18. Ba3 Qd5 19. Bxf8 Kxf8 20. Rab1 Rxb1 21. Rxb1 g6 22. Qxa7 Kg7 23. Re1 h5 24. h4 g5 25. Qc5 1-0


[Site "https://www.chess.com"]

[Event "Titled Tuesday Blitz December 20 Early 2022"]
[White "Shironin, Daniil Aleks"]
[Black "maurovargas01"]
[WhiteFideId "55812198"]
[WhiteElo "2115"]
[BlackElo "1920"]
[Result "1-0"]
[Round "11"]
[TimeControl "180+2"]
[Date "2022.12.20"]
[WhiteClock "0:01:10"]
[BlackClock "0:00:03"]

1. d4 d5 2. Nc3 Nf6 3. Bf4 Bf5 4. e3 Nbd7 5. f3 e6 6. g4 Bg6 7. h4 h5 8. g5 Ng8 9. Bd3 Bxd3 10. Qxd3 g6 11. O-O-O Bg7 12. Nge2 Ne7 13. e4 dxe4 14. fxe4 O-O 15. Rhf1 c6 16. Bd6 Re8 17. e5 Nc8 18. Ba3 a5 19. Ne4 b5 20. Bd6 Nxd6 21. Nxd6 Rf8 22. Nxf7 Rxf7 23. Qxg6 Qe7 24. Nf4 Rxf4 25. Rxf4 Rf8 26. Rdf1 Rxf4 27. Rxf4 Nb6 28. Rf6 Nd5 29. Rxe6 1-0


[Site "https://www.chess.com"]

[Event "Titled Tuesday Blitz December 20 Early 2022"]
[White "Shuvalov, Evgenij"]
[Black "jaldjald"]
[WhiteFideId "4187237"]
[WhiteElo "2038"]
[BlackElo "2386"]
[Result "1-0"]
[Round "11"]
[TimeControl "180+2"]
[Date "2022.12.20"]
[WhiteClock "0:00:37"]
[BlackClock "0:00:12"]

1. d4 d5 2. c4 e6 3. Nc3 c5 4. cxd5 exd5 5. Nf3 Nc6 6. Bg5 Be7 7. Bxe7 Ngxe7 8. e3 c4 9. Be2 O-O 10. O-O b5 11. Nxb5 Rb8 12. Nc3 Rxb2 13. Ne5 Bf5 14. Nxc6 Nxc6 15. Bf3 Ne7 16. Qa4 a5 17. h3 h6 18. Rfc1 Be6 19. Qa3 Rb4 20. Na4 Bf5 21. Nc5 Qb6 22. Qc3 Rb8 23. a3 Rb5 24. e4 dxe4 25. Nxe4 Rd8 26. Nc5 Be6 27. Nxe6 fxe6 28. Qxc4 Rxd4 29. Qe2 Rb2 30. Qe3 Nf5 31. Qe5 Rdd2 32. Qc5 Qxc5 33. Rxc5 Rxf2 34. Rxa5 Ne3 35. Be4 Nxg2 36. Ra8+ Kf7 37. Rf1 Rxf1+ 38. Kxf1 Ne3+ 39. Kg1 Nd5 40. a4 Nf4 41. h4 Nh3+ 42. Kf1 Kf6 43. a5 Ke5 44. Bc6 Rf2+ 45. Ke1 Rc2 46. Bb7 Ng1 47. a6 Nf3+ 48. Bxf3 Rc1+ 49. Kd2 Ra1 50. a7 1-0


[Site "https://www.chess.com"]

[Event "Titled Tuesday Blitz December 20 Early 2022"]
[White "Steegersee"]
[Black "talaicito"]
[WhiteElo "2425"]
[BlackElo "2293"]
[Result "0-1"]
[Round "11"]
[TimeControl "180+2"]
[Date "2022.12.20"]
[WhiteClock "0:00:12"]
[BlackClock "0:02:14"]

1. g3 e5 2. Bg2 d6 3. d4 exd4 4. Qxd4 Nc6 5. Qc3 Nf6 6. Nf3 g6 7. Bg5 Bg7 8. Qd2 O-O 9. Nc3 Qe8 10. O-O-O Ne4 11. Nxe4 Qxe4 12. h3 Qa4 13. Kb1 Bf5 14. a3 b5 15. Ne1 b4 16. b3 Qxb3+ 0-1


[Site "https://www.chess.com"]

[Event "Titled Tuesday Blitz December 20 Early 2022"]
[White "Sunny_Star"]
[Black "MusicCityMaster"]
[WhiteElo "2241"]
[BlackElo "2329"]
[Result "1-0"]
[Round "11"]
[TimeControl "180+2"]
[Date "2022.12.20"]
[WhiteClock "0:01:31"]
[BlackClock "0:02:13"]

1. e4 e6 2. d4 d5 3. Nc3 Bb4 4. e5 c5 5. a3 Bxc3+ 6. bxc3 Ne7 7. Qg4 Qc7 8. Qxg7 Rg8 9. Qxh7 cxd4 10. Ne2 Nbc6 11. f4 dxc3 12. Qd3 Bd7 13. Qxc3 O-O-O 14. Be3 Nf5 15. Bc5 Kb8 16. Bf2 Ka8 17. g3 d4 18. Qd2 Na5 19. Nxd4 Nxd4 20. Qxd4 b6 21. Bg2+ Bc6 22. Qc3 Qb7 23. Bxc6 Qxc6 24. Qxc6+ Nxc6 25. O-O 1-0


[Site "https://www.chess.com"]

[Event "Titled Tuesday Blitz December 20 Early 2022"]
[White "Tarno, Brian"]
[Black "fks_stal_mielec"]
[WhiteFideId "10833820"]
[WhiteElo "2169"]
[BlackElo "2284"]
[Result "1-0"]
[Round "11"]
[TimeControl "180+2"]
[Date "2022.12.20"]
[WhiteClock "0:00:03"]
[BlackClock "0:00:01"]

1. e4 c5 2. Nf3 Nc6 3. Bb5 g6 4. O-O Bg7 5. c3 e5 6. d3 d6 7. h3 Ne7 8. Nbd2 O-O 9. Re1 f5 10. exf5 Bxf5 11. Ne4 a6 12. Ba4 Bxe4 13. dxe4 Nc8 14. Bb3+ Kh8 15. Ng5 Qe7 16. Qg4 Nb6 17. Ne6 c4 18. Nxf8 Rxf8 19. Bc2 Nd7 20. Bg5 Qf7 21. Be3 Nc5 22. Rad1 h5 23. Qg3 Qe6 24. Bxc5 dxc5 25. Rd5 Bh6 26. f3 Bf4 27. Qf2 b6 28. Red1 g5 29. Rd6 Qe8 30. Rh6+ Kg7 31. Rdd6 Ne7 32. Rde6 g4 33. hxg4 Bxh6 34. gxh5 Qf7 35. Qg3+ Kh7 36. Qxe5 Be3+ 37. Kf1 Ng8 38. Qd6 1-0


[Site "https://www.chess.com"]

[Event "Titled Tuesday Blitz December 20 Early 2022"]
[White "The_filthy"]
[Black "Midgardsormur"]
[WhiteElo "2377"]
[BlackElo "2460"]
[Result "0-1"]
[Round "11"]
[TimeControl "180+2"]
[Date "2022.12.20"]
[WhiteClock "0:00:11"]
[BlackClock "0:00:24"]

1. e4 c5 2. Nf3 e6 3. d4 cxd4 4. Nxd4 a6 5. Bd3 Bc5 6. Nb3 Ba7 7. Nc3 b5 8. Qe2 Bb7 9. Be3 Ne7 10. O-O-O Qc7 11. Kb1 b4 12. Na4 Bc6 13. Nac5 d6 14. Nxa6 Nxa6 15. Bxa6 Bxe3 16. fxe3 Qa7 17. Bb5 Qxa2+ 18. Kc1 O-O 19. Rxd6 Bxe4 20. Bd3 Bxd3 21. Qxd3 Rfc8 22. Rd1 h6 23. Qe4 Nd5 24. Qd3 Nc3 25. Rf1 Qb1+ 26. Kd2 Qxb2 27. Rd7 Nb1+ 28. Rxb1 Qxb1 29. Nd4 Ra1 30. Nxe6 Qe1# 0-1


[Site "https://www.chess.com"]

[Event "Titled Tuesday Blitz December 20 Early 2022"]
[White "TigrVShlyape"]
[Black "Dela Cruz, Noel"]
[BlackFideId "5207649"]
[WhiteElo "2914"]
[BlackElo "2241"]
[Result "0-1"]
[Round "11"]
[TimeControl "180+2"]
[Date "2022.12.20"]
[WhiteClock "0:00:08"]
[BlackClock "0:00:08"]

1. e4 c5 2. Nf3 e6 3. d4 cxd4 4. Nxd4 Nc6 5. Nc3 Qc7 6. Qd3 Nf6 7. Nxc6 bxc6 8. Qg3 Qxg3 9. hxg3 d5 10. e5 Ng4 11. f4 Bc5 12. Nd1 Nh6 13. Bd3 a5 14. Be3 Be7 15. b3 a4 16. Ke2 Ba6 17. Nc3 Bxd3+ 18. Kxd3 axb3 19. axb3 Kd7 20. Na4 Kc7 21. Bc5 Bxc5 22. Nxc5 Kb6 23. b4 Ng4 24. Kd4 h6 25. c3 g6 26. Nd7+ Kc7 27. Nf6 Nxf6 28. exf6 h5 29. Kc5 Rhb8 30. g4 Rxa1 31. Rxa1 Rb5+ 32. Kd4 hxg4 33. Rh1 Kd6 34. Rh7 c5+ 35. bxc5+ Rxc5 36. g3 Rc4+ 37. Kd3 e5 38. fxe5+ Ke6 39. Rh8 Kxe5 40. Rd8 Ra4 41. Rd7 Ke6 42. Rd8 Ra1 43. Ke3 Rf1 44. Re8+ Kxf6 45. Kd4 Rf3 46. Rc8 Rxg3 47. Kxd5 Re3 48. Kd4 Re6 49. Ra8 g3 50. Ra2 Kg5 0-1


[Site "https://www.chess.com"]

[Event "Titled Tuesday Blitz December 20 Early 2022"]
[White "Timofeeva, Galina"]
[Black "Alibaev, Akbar"]
[WhiteFideId "14106175"]
[BlackFideId "14200325"]
[WhiteElo "1955"]
[BlackElo "2295"]
[Result "1/2-1/2"]
[Round "11"]
[TimeControl "180+2"]
[Date "2022.12.20"]
[WhiteClock "0:00:05"]
[BlackClock "0:00:14"]

1. d4 Nf6 2. Nc3 d5 3. Bf4 c5 4. e3 a6 5. dxc5 Nc6 6. Nf3 Bg4 7. Be2 Bxf3 8. Bxf3 e6 9. Na4 Bxc5 10. Nxc5 Qa5+ 11. c3 Qxc5 12. O-O O-O 13. a4 b5 14. axb5 axb5 15. b4 Qb6 16. Bd6 Rfc8 17. Qe2 Qb7 18. h4 h6 19. e4 dxe4 20. Bxe4 Nxe4 21. Qxe4 Nd8 22. Qe3 Qd5 23. Rad1 Qc4 24. Qe5 Nc6 25. Qg3 h5 26. Qg5 Qg4 27. Qxb5 Qxh4 28. Qe2 Ne7 29. c4 Nf5 30. c5 Qxb4 31. Qxh5 Qc3 32. Qe2 Rd8 33. Rc1 Qb4 34. Be5 Rd2 35. Qf3 Ra3 36. Rc3 Raa2 37. c6 Rdc2 38. c7 Rxc3 39. Qxc3 Qxc3 40. Bxc3 Ne7 41. Rd1 Rc2 42. Rd8+ Kh7 43. Be5 Kg6 44. Bd6 Nf5 45. Bf4 Ne7 46. g4 Nd5 47. c8=Q Rxc8 48. Rxc8 Nxf4 49. Kh2 Kg5 50. Kg3 Ne2+ 51. Kf3 Nd4+ 52. Ke3 e5 53. f3 Ne6 54. Ke4 f6 55. Ra8 g6 56. Ra5 Nf4 57. Ke3 Nh3 58. Ra1 Nf4 59. Rh1 Nd5+ 60. Kf2 Nf4 61. Ra1 Nd3+ 62. Kg3 Nf4 63. Ra8 Ne2+ 64. Kf2 Nd4 65. Ra5 Kf4 66. Ra4 f5 67. gxf5 gxf5 68. Rb4 Kg5 69. Kg3 Ne2+ 70. Kf2 Nd4 71. Kg3 Kf6 72. Rb6+ Ne6 73. Ra6 Kf7 74. Kh4 Nd4 75. Kg5 f4 76. Kg4 Ke7 77. Rb6 Kd7 78. Rb1 Ke6 79. Rf1 Kd5 80. Rf2 Ke6 81. Kg5 Kd5 82. Kf6 e4 83. fxe4+ Kxe4 84. Kg5 f3 85. Kg4 Ke3 86. Rxf3+ Nxf3 1/2-1/2


[Site "https://www.chess.com"]

[Event "Titled Tuesday Blitz December 20 Early 2022"]
[White "Truequitos"]
[Black "Makswolf200817"]
[WhiteElo "2536"]
[BlackElo "2651"]
[Result "1-0"]
[Round "11"]
[TimeControl "180+2"]
[Date "2022.12.20"]
[WhiteClock "0:00:01"]
[BlackClock "0:00:01"]

1. Nf3 d5 2. g3 Bg4 3. Ne5 Bf5 4. c4 e6 5. Qb3 Be4 6. f3 dxc4 7. Qb5+ Bc6 8. Nxc6 Nxc6 9. Qxc4 Nf6 10. Bg2 Qd4 11. Qb3 Qb4 12. Qd1 Bc5 13. Nc3 O-O 14. e3 Rad8 15. Qe2 Be7 16. O-O e5 17. f4 Qd6 18. fxe5 Nxe5 19. d4 Ng6 20. b3 c5 21. d5 Rfe8 22. Bb2 a6 23. Qf2 Kh8 24. Qf5 Rf8 25. e4 Nd7 26. Ne2 Bf6 27. Bxf6 Nxf6 28. Nf4 Nd7 29. Nxg6+ hxg6 30. Qg5 Qe5 31. Qh4+ Kg8 32. Rad1 Qd6 33. Rf2 Rde8 34. Rdf1 Ne5 35. Qf4 Re7 36. Rd2 Rfe8 37. Rfd1 b5 38. h3 Rc7 39. Kh2 c4 40. bxc4 bxc4 41. Rc2 f6 42. Rdc1 g5 43. Qf5 Kf7 44. Bf1 Rec8 45. Be2 g6 46. Qf1 Qb4 47. Rc3 a5 48. R1c2 Ke7 49. Qc1 a4 50. Rb2 Qc5 51. Rbc2 Qd4 52. Qb1 g4 53. Qb4+ Kf7 54. d6 Rd7 55. Qxa4 Rh8 56. h4 Qxe4 57. Qb5 Qf5 58. Bd1 1-0


[Site "https://www.chess.com"]

[Event "Titled Tuesday Blitz December 20 Early 2022"]
[White "Tsigelnitskiy, Ilusha"]
[Black "pedromartinez91"]
[WhiteFideId "4132971"]
[WhiteElo "2342"]
[BlackElo "2488"]
[Result "1-0"]
[Round "11"]
[TimeControl "180+2"]
[Date "2022.12.20"]
[WhiteClock "0:00:04"]
[BlackClock "0:00:07"]

1. Nf3 Nf6 2. d4 b5 3. Nbd2 Bb7 4. a4 b4 5. a5 e6 6. e3 c5 7. a6 Bc6 8. Nb3 cxd4 9. Nbxd4 Bc5 10. Nxc6 Nxc6 11. Bb5 Qb6 12. Bd3 O-O 13. O-O d5 14. Qe2 Rac8 15. b3 e5 16. Bf5 Rcd8 17. Bb2 Rfe8 18. Rfd1 g6 19. Bh3 d4 20. exd4 Nxd4 21. Nxd4 Bxd4 22. Bxd4 Rxd4 23. Rxd4 Qxd4 24. Rd1 Qc5 25. Qc4 Qb6 26. g3 Re7 27. Qc8+ Kg7 28. Qd8 Qxd8 29. Rxd8 Rc7 30. Ra8 Nd5 31. Bg2 Nb6 32. Rb8 Rxc2 33. Rb7 Nc8 34. Bd5 Rc5 35. Rxf7+ Kh6 36. Bc4 Nb6 37. Rxa7 Nxc4 38. bxc4 Rxc4 39. Rb7 Rc1+ 40. Kg2 Ra1 41. a7 b3 42. h4 b2 43. Rxb2 Rxa7 44. g4 Re7 45. Kg3 Kg7 46. Rb6 e4 47. Kf4 Rf7+ 48. Kxe4 Rxf2 49. Rb7+ Kg8 50. Ke5 Rf8 51. Re7 Ra8 52. Kf6 Ra6+ 53. Kg5 Ra4 54. Rc7 Re4 55. Rc8+ Kf7 56. Rc7+ Kg8 57. Rd7 Rc4 58. Kf6 Rf4+ 59. Kg5 1-0


[Site "https://www.chess.com"]

[Event "Titled Tuesday Blitz December 20 Early 2022"]
[White "Tsyhanchuk_Stanislav"]
[Black "santosalberto1987"]
[WhiteElo "2335"]
[BlackElo "2495"]
[Result "1/2-1/2"]
[Round "11"]
[TimeControl "180+2"]
[Date "2022.12.20"]
[WhiteClock "0:00:35"]
[BlackClock "0:00:07"]

1. e4 c5 2. Nf3 Nc6 3. Bb5 g6 4. O-O Bg7 5. c3 Nf6 6. Re1 O-O 7. d4 cxd4 8. cxd4 d5 9. e5 Ne4 10. Nc3 Nxc3 11. bxc3 Bg4 12. a4 Rc8 13. Ba3 a6 14. Be2 Re8 15. h3 Bxf3 16. Bxf3 e6 17. Bc5 Bf8 18. Bxf8 Rxf8 19. Qd3 Na5 20. Reb1 Qd7 21. Rb4 Rc4 22. Rab1 Rfc8 23. Rxc4 Rxc4 24. Rb4 Qc6 25. Rxc4 Nxc4 26. Qc2 Nb6 27. a5 Nc4 28. Qa2 Qb5 29. Be2 Kf8 30. Bxc4 dxc4 31. Qa3+ Kg7 32. g4 h6 33. Kf1 Qb3 34. Qe7 Qxc3 35. Qf6+ Kg8 36. Qd8+ Kh7 37. Qf6 Qxh3+ 38. Ke1 Qc3+ 39. Kf1 Qd3+ 40. Kg1 Kg8 41. Qd8+ Kg7 42. Qf6+ Kg8 43. Qd8+ Kh7 44. Qf6 Kg8 1/2-1/2


[Site "https://www.chess.com"]

[Event "Titled Tuesday Blitz December 20 Early 2022"]
[White "Van der Nat, Nicholas"]
[Black "googlegoom"]
[WhiteFideId "14300427"]
[WhiteElo "2362"]
[BlackElo "2581"]
[Result "1/2-1/2"]
[Round "11"]
[TimeControl "180+2"]
[Date "2022.12.20"]
[WhiteClock "0:00:09"]
[BlackClock "0:00:10"]

1. c4 c6 2. Nf3 d5 3. g3 Nf6 4. Bg2 e6 5. b3 Be7 6. Bb2 Nbd7 7. d4 b6 8. O-O Bb7 9. Nc3 O-O 10. Qd3 Rc8 11. e4 c5 12. exd5 exd5 13. cxd5 Nxd5 14. Rad1 Nb4 15. Qb1 Qc7 16. d5 Bf6 17. a3 Bxc3 18. d6 Qb8 19. Bxc3 Nd5 20. Ng5 N5f6 21. Bh3 h6 22. Bxd7 hxg5 23. Bxc8 Qxc8 24. Bxf6 gxf6 25. d7 Qc6 26. f3 Rd8 27. Qf5 Kg7 28. Rd2 Qe6 29. Qxe6 fxe6 30. Kf2 Kf7 31. h4 gxh4 32. gxh4 Bd5 33. b4 c4 34. Rg1 Rxd7 35. Ke3 Rd8 36. Rdg2 1/2-1/2


[Site "https://www.chess.com"]

[Event "Titled Tuesday Blitz December 20 Early 2022"]
[White "Viktorin, Tomas"]
[Black "Pitcher, John"]
[WhiteFideId "328316"]
[BlackFideId "411485"]
[WhiteElo "1971"]
[BlackElo "2210"]
[Result "1-0"]
[Round "11"]
[TimeControl "180+2"]
[Date "2022.12.20"]
[WhiteClock "0:00:14"]
[BlackClock "0:00:01"]

1. d4 Nf6 2. c4 g6 3. Nf3 Bg7 4. g3 O-O 5. Bg2 d6 6. O-O Nc6 7. Nc3 a6 8. Bf4 Rb8 9. Rc1 b5 10. Nd5 Bd7 11. Nxf6+ Bxf6 12. cxb5 axb5 13. b3 Nb4 14. Qd2 Nd5 15. Bh6 Re8 16. e4 Nb6 17. e5 Bh8 18. Rfd1 Bf5 19. Qf4 Nd5 20. Qd2 Be4 21. Qe2 f5 22. Bf1 Nb4 23. Ng5 Bd5 24. h4 e6 25. h5 Bg7 26. Bxg7 Kxg7 27. Qd2 h6 28. Nxe6+ Rxe6 29. Qxb4 gxh5 30. Re1 h4 31. exd6 Rxd6 32. Qc3 Rc8 33. Qe3 hxg3 34. fxg3 Re6 35. Qf4 Rg6 36. Bxb5 c6 37. Bc4 Bxc4 38. Rxc4 Qf6 39. Re5 Rf8 40. Ra4 Rg4 41. Ra7+ Kh8 42. Qf3 Rxd4 43. Ree7 Rg4 44. Rh7+ Kg8 45. Qd3 Qg6 46. Rhg7+ 1-0


[Site "https://www.chess.com"]

[Event "Titled Tuesday Blitz December 20 Early 2022"]
[White "VincentKeymer"]
[Black "Ibarra Jerez, Jose Carlos"]
[BlackFideId "2226332"]
[WhiteElo "2980"]
[BlackElo "2563"]
[Result "0-1"]
[Round "11"]
[TimeControl "180+2"]
[Date "2022.12.20"]
[WhiteClock "0:00:01"]
[BlackClock "0:00:14"]

1. Nf3 Nf6 2. c4 d6 3. d4 g6 4. Nc3 Bf5 5. Nh4 Bd7 6. g3 e5 7. Bg2 Nc6 8. d5 Ne7 9. O-O Bg7 10. c5 O-O 11. Qb3 Rb8 12. cxd6 cxd6 13. Be3 b6 14. h3 Nh5 15. Nb5 Nc8 16. Rfc1 Nf4 17. gxf4 Qxh4 18. Rc4 Qh5 19. fxe5 Bxe5 20. Nd4 Bxh3 21. Bxh3 Qxh3 22. Nf3 Ne7 23. Rh4 Qf5 24. Kg2 Bf6 25. Rf4 Qd7 26. Rxf6 Qg4+ 27. Kh1 Qh5+ 28. Nh2 Qxe2 29. Rg1 Rbc8 30. Ng4 Rc4 31. Rf4 Rxf4 32. Nh6+ Kg7 33. Qc3+ f6 0-1


[Site "https://www.chess.com"]

[Event "Titled Tuesday Blitz December 20 Early 2022"]
[White "Wild, Achim"]
[Black "ChadBiryani"]
[WhiteFideId "4658728"]
[WhiteElo "2265"]
[BlackElo "2454"]
[Result "1/2-1/2"]
[Round "11"]
[TimeControl "180+2"]
[Date "2022.12.20"]
[WhiteClock "0:00:06"]
[BlackClock "0:00:06"]

1. a3 d5 2. e3 Bf5 3. Nf3 e6 4. d4 Bd6 5. c4 c6 6. c5 Bc7 7. b4 a6 8. Bb2 Nd7 9. a4 Ngf6 10. b5 Ne4 11. b6 Bb8 12. Nbd2 Qf6 13. Nxe4 Bxe4 14. Nd2 Bg6 15. f4 O-O 16. Be2 Qe7 17. O-O f6 18. Bg4 e5 19. f5 Bf7 20. Re1 Re8 21. Nb3 Nf8 22. Na5 g6 23. Qf3 exd4 24. exd4 Qxe1+ 25. Rxe1 Rxe1+ 26. Kf2 Rb1 27. Bc3 Bxh2 28. Nxb7 h5 29. fxg6 Bxg6 30. Bf5 Bg1+ 31. Kg3 Re8 32. Bd2 Bxf5 33. Qxf5 Re4 34. Nd6 Rb3+ 35. Qf3 Rxf3+ 36. gxf3 Re7 37. Bc3 Ne6 38. b7 Rxb7 39. Nxb7 Bxd4 40. Bb4 Kf7 41. Nd6+ Kg6 42. Nb7 Kg5 43. Na5 h4+ 44. Kg2 Bxc5 45. Bd2+ Nf4+ 46. Kh2 Bf2 47. Nxc6 Bg3+ 48. Kh1 Kf5 49. Nb4 a5 50. Nc6 Nd3 51. Nxa5 Be1 52. Nb3 Bxd2 53. Nxd2 Kf4 54. a5 Nc5 55. Kg2 Ke3 56. Nb3 Na6 57. Kh3 Kxf3 58. Kxh4 f5 59. Nd4+ Kf4 60. Kh3 Ke4 61. Ne2 d4 62. Kg2 Ke3 63. Kf1 f4 64. Ke1 f3 65. Ng3 f2+ 66. Kd1 Kf3 67. Nf1 Nb4 68. Kd2 Ke4 69. Ke2 Nd3 70. a6 Nf4+ 71. Kxf2 Nd5 72. a7 Nc7 73. Ke2 Kd5 74. Kd3 Kc6 75. Kxd4 Kb7 76. Nd2 Kxa7 1/2-1/2


[Site "https://www.chess.com"]

[Event "Titled Tuesday Blitz December 20 Early 2022"]
[White "Witek, Tomasz"]
[Black "Ordekalog"]
[WhiteFideId "1130056"]
[WhiteElo "2000"]
[BlackElo "2796"]
[Result "0-1"]
[Round "11"]
[TimeControl "180+2"]
[Date "2022.12.20"]
[WhiteClock "0:00:15"]
[BlackClock "0:00:55"]

1. d4 d5 2. Nf3 c5 3. e3 e6 4. c4 Nf6 5. Nc3 Nc6 6. a3 a6 7. dxc5 Bxc5 8. b4 Ba7 9. Bb2 O-O 10. Qc2 Qc7 11. O-O-O dxc4 12. Ng5 h6 13. h4 Ne5 14. Nce4 hxg5 15. hxg5 Nxe4 16. Qxe4 Ng6 17. Bc3 Rd8 18. Be2 Rxd1+ 19. Bxd1 Bd7 20. Qg4 e5 21. Qh5 Bf5 22. Bc2 Bxc2 23. Kxc2 Qd7 24. Qf3 Rd8 25. Kb2 Qa4 26. Rc1 Qb3+ 27. Ka1 Qxa3+ 28. Kb1 Qb3+ 29. Ka1 Rd3 30. Qxb7 Rxc3 0-1


[Site "https://www.chess.com"]